 Dungeon Crawl Stone Soup version 0.30-a0-1163-gf69bf04e7a (webtiles) character file.

Game seed: 17903734837216569843

5161 Jeffwins the Changer (level 10, -4/71 HPs)
             Began as a Human Wanderer on Apr 28, 2023.
             Was a Follower of Vehumet.
             Slain by a yak (14 damage)
             ... on level 9 of the Dungeon on Apr 29, 2023.
             The game lasted 00:19:14 (9658 turns).

Jeffwins the Changer (Human Wanderer)               Turns: 9658, Time: 00:19:15

Health: -4/71      AC:  8    Str: 15    XL:     10   Next: 89%
Magic:  11/19      EV: 11    Int: 15    God:    Vehumet [*.....]
Gold:   954        SH:  5    Dex: 12    Spells: 15/21 levels left

rFire   + . .        B - +3 hand axe (elec)
rCold   . . .        d - +0 buckler
rNeg    . . .        Q - +0 steam dragon scales
rPois   +            v - +0 hat {Stlth+}
rElec   .            g - +1 cloak {rPois}
rCorr   .            E - +0 pair of gloves
SInv    .            (no boots)
Will    .....        y - amulet of magic regeneration
Stlth   ++           Z - ring of wizardry
HPRegen 0.31/turn    F - ring of protection from fire
MPRegen 0.56/turn

%: wizardry (x1)
@: no status effects
A: no striking features
a: Renounce Religion


You were on level 9 of the Dungeon.
You worshipped Vehumet.
Vehumet was aware of your devotion.
You visited 2 branches of the dungeon, and saw 10 of its levels.

You collected 1521 gold pieces.
You spent 567 gold pieces at shops.


   Skills:
 + Level 4.1 Fighting
 + Level 4.0 Throwing
 - Level 2.0 Armour
 - Level 1.0 Dodging
 + Level 4.4 Shields
 * Level 6.4 Spellcasting
 + Level 3.1 Translocations
 * Level 6.5 Transmutations
 * Level 5.9 Fire Magic
 * Level 6.3 Poison Magic
 + Level 3.1 Evocations


You had 15 spell levels left.
You knew the following spells:

 Your Spells              Type           Power      Damage    Failure   Level
x - Ignite Poison         Fire/Tmut/Pois 23%        N/A       1%          3
z - Sting                 Tmut/Pois      96%        1d7       1%          1
I - Blink                 Tloc           28%        N/A       3%          2

Your spell library contained the following spells:

 Spells                   Type           Power      Damage    Failure   Level
 Magic Dart               Conj           16%        1d3       8%          1
 Beastly Appendage        Tmut           48%        N/A       1%          1
 Wereblood                Tmut           24%        N/A       1%          2
 Lesser Beckoning         Tloc           28%        N/A       3%          2
 Momentum Strike          Conj/Tloc      18%        3d8       6%          2
 Petrify                  Tmut/Erth      14%        N/A       19%         4

Inventory:

Hand Weapons
 a - a +0 dagger
 m - a +0 sling
 B - a +3 hand axe of electrocution (weapon)
 I - a +2 war axe of flaming
 L - a +2 whip of freezing
Missiles
 e - 38 poisoned darts (quivered)
 i - 6 curare-tipped darts {=f}
 J - a throwing net {=f}
Armour
 c - a +0 leather armour
 d - a +0 buckler (worn)
 g - a +1 cloak of poison resistance (worn)
 v - a +0 hat of stealth (worn)
 A - a scarf of repulsion
 E - a +0 pair of gloves (worn)
 M - a +2 cloak of stealth
 Q - +0 steam dragon scales (worn)
 S - the +3 warlock's mirror {omnireflect}
   (You bought it in a shop on level 5 of the Dungeon)

   Omnireflect: It can block and reflect piercing ranged attacks and magical
   attacks against the wielder's willpower.
Magical Staves
 x - a staff of conjuration {!a}
Jewellery
 y - an amulet of magic regeneration (around neck)
 F - a ring of protection from fire (right hand)
 P - a ring of poison resistance
 R - a ring of resist corrosion
 W - a ring of magical power
 Z - a ring of wizardry (left hand)
Wands
 D - a wand of paralysis (3)
 N - a wand of flame (16)
 O - a wand of polymorph (2)
Scrolls
 b - 4 scrolls of teleportation {@r4}
 f - 4 scrolls of blinking
 h - a scroll of enchant armour
 o - 2 scrolls of poison
 p - 2 scrolls of amnesia
 r - a scroll of magic mapping
 u - 2 scrolls of immolation {!r}
 w - 2 scrolls of vulnerability {!r}
 H - a scroll of fog
 K - a scroll of fear
Potions
 k - a potion of brilliance {unknown}
 l - 10 potions of curing {@q1}
 n - a potion of magic {unknown}
 q - a potion of attraction {unknown}
 t - 6 potions of heal wounds {@q2}
 z - a potion of degeneration {unknown}
 C - a potion of flight {unknown}
 G - a potion of lignification {unknown}

Dungeon Overview and Level Annotations

Branches:
Dungeon (9/15)             Temple (1/1) D:6
   Lair: D:8-11         Orc: D:9-12

Altars:
Ashenzari
Elyvilon
Gozag
Hepliaklqana
Kikubaaqudgha
Makhleb
Qazlal
Sif Muna
Trog
Uskayaw
Vehumet
Wu Jian
Yredelemnul
Zin
The Shining One

Shops:
D:5 *   D:6 *   D:7 [ D:8

* #..#
#[.#
........#
#..#
........#
#..#
........#
#..#
........#
#..#
........#
#..#
.......#
#@.#
#...###Y†#
#......).#
#..Y.....#
#.Y####..#
#..# #..#
#.# #..#
#..# #.#
#..# #..#
#.# #..#
#..#


You could see a yak.


Message History

The yak gores you.
* * * LOW HITPOINT WARNING * * *
Casting: Sting (safe; 1% risk of failure)
Confirm with . or Enter, or press ? or * to list all spells.
Aiming: Sting (safe; 1% risk of failure)
Press: ? - help, Shift-Dir - straight line, f/p - yak
Aim: a yak (lightly wounded, poisoned, 85% to hit)
The sting hits the yak.
The yak looks even sicker.
The yak is lightly wounded.
The yak gores you but does no damage. The yak closely misses you.
Unknown command.
Casting: Sting (safe; 1% risk of failure)
Confirm with . or Enter, or press ? or * to list all spells.
You ignite the poison in your surroundings!
The yak seems to burn from within!!
The yak is almost dead.
The yak gores you.
* * * LOW HITPOINT WARNING * * *
The yak gores you.
* * * LOW HITPOINT WARNING * * *
Casting: Ignite Poison (safe; 1% risk of failure)
Confirm with . or Enter, or press ? or * to list all spells.
Aiming: Sting (safe; 1% risk of failure)
Press: ? - help, Shift-Dir - straight line, f/p - yak
Aim: a yak (almost dead, 85% to hit)
The sting hits the yak.
The yak is poisoned.
You kill the yak!
Vehumet accepts your kill. The yak gores you!
You die...

Skill      XL: |  1  2  3  4  5  6  7  8  9 10 |
---------------+-------------------------------+-----
Fighting       | 1 2 3 4 |  4.1
Poison Magic   | 2 3 4 5 6 |  6.3
Fire Magic     | 1 2 3 5 |  5.9
Throwing       | 1 2 3 4 |  4.0
Transmutations | 3 4 5 6 |  6.5
Shields        | 2 3 4 |  4.4
Spellcasting   | 4 5 6 |  6.4
Evocations     | 1 2 3 |  3.1
Translocations | 1 2 3 |  3.1
Armour         | |  2.0
Dodging        | |  1.0

Action                     |  1- 3 |  4- 6 |  7- 9 | 10-12 || total
---------------------------+-------+-------+-------+-------++-------
  Melee: Club              |    30 |       |       |       ||    30
         Dagger            |    65 |   133 |       |       ||   198
         Hand axe          |       |       |   179 |    32 ||   211
  Throw: Dart              |       |     1 |     8 |     9 ||    18
   Cast: Sting             |    30 |   120 |   101 |    80 ||   331
         Ignite Poison     |       |     1 |    13 |    23 ||    37
  Evoke: Wand              |       |       |     3 |       ||     3
    Use: Scroll            |       |       |       |    11 ||    11
   Stab: Sleeping          |       |     2 |     4 |     1 ||     7
         Paralysed         |       |       |    10 |       ||    10
 Armour: Leather armour    |    40 |    50 |    50 |    28 ||   168
         Steam dragon scal |       |       |       |    13 ||    13
  Dodge: Dodged            |    78 |   125 |   145 |    59 ||   407
  Block: Buckler           |    23 |    32 |    46 |    24 ||   125

Levels and vault maps discovered:
D:1:      amcnicky_arrival_double_pillar, layout_rooms, nrook_loot_triangle
D:2:      layout_basic, minmay_lizard_king
D:3:      kennysheep_six_static_rooms, layout_loops_ring,
          dreamdust_ecumenical_altar_hidden_monk_grotto
D:4:      layout_basic, kiku_gazebo_pond_becter, minmay_pentomino_pile,
          uniq_blork_the_orc
D:5:      layout_rooms, serial_shops, nicolae_stop_n_shop_2
D:6:      layout_basic, lemuel_doored_altar, nicolae_uskayaw_dance_studio,
          gammafunk_temple_overflow_claw, minmay_temple_entry_statues_fountains,
          dk_noncrumbling_4, nicolae_shop_fire_sale [nicolae_sub_dead_trees],
          uniq_menkaure
D:7:      layout_rooms, nicolae_overflow_hidden_temple, serial_shops,
          nicolae_stop_n_shop_2, lemuel_flame_loot_1, uniq_crazy_yiuf_cottage
D:8:      layout_rooms, nicolae_shop_gadgets
D:9:      layout_long_grid, mainiacjoe_overflow_brackets, enter_bailey_6,
          nicolae_shop_firing_range
Temple:   nicolae_temple_two_arcs

Notes
Turn   | Place    | Note
-------+----------+-------------------------------------------
     0 | D:1      | Jeffwins the Human Wanderer began the quest for the Orb.
     0 | D:1      | Jeffwins set off with the following items: a +0 club, a
                  | scroll of teleportation {@r4}, a +0 leather armour, a +0
                  | buckler; and the following spells available to memorise:
                  | Beastly Appendage, Sting, Wereblood, Ignite Poison,
                  | Petrify.
     0 | D:1      | Reached XP level 1. HP: 13/13 MP: 4/4
     2 | D:1      | Learned a level 1 spell: Sting
   212 | D:1      | Reached XP level 2. HP: 15/19 MP: 6/6
   701 | D:2      | Reached XP level 3. HP: 24/25 MP: 3/7
   748 | D:2      | Learned a level 3 spell: Ignite Poison
  1308 | D:2      | Reached skill level 1 in Fighting
  1308 | D:2      | Reached XP level 4. HP: 32/32 MP: 5/9
  1736 | D:3      | Reached skill level 2 in Poison Magic
  1937 | D:3      | Reached skill level 1 in Fire Magic
  1937 | D:3      | Reached XP level 5. HP: 37/37 MP: 6/10
  2158 | D:3      | Reached skill level 1 in Throwing
  2392 | D:3      | Found a faded altar of an unknown god.
  2643 | D:3      | Reached skill level 3 in Transmutations
  2643 | D:3      | Reached XP level 6. HP: 28/43 MP: 4/11
  3374 | D:4      | Reached skill level 2 in Shields
  3420 | D:4      | Found an ancient bone altar of Kikubaaqudgha.
  3433 | D:4      | Reached skill level 2 in Fire Magic
  3715 | D:4      | Noticed a black bear
  3721 | D:4      | Killed a black bear
  3722 | D:4      | Reached skill level 4 in Spellcasting
  3722 | D:4      | Reached skill level 3 in Poison Magic
  3722 | D:4      | Reached XP level 7. HP: 42/49 MP: 3/13
  3975 | D:4      | Reached skill level 2 in Fighting
  3994 | D:4      | Reached skill level 2 in Throwing
  4148 | D:4      | Noticed Blork the orc
  4154 | D:4      | Killed Blork the orc
  4607 | D:5      | Entered Level 5 of the Dungeon
  4727 | D:5      | Reached XP level 8. HP: 55/56 MP: 14/14
  4735 | D:5      | Reached skill level 3 in Fire Magic
  5028 | D:5      | Reached skill level 4 in Transmutations
  5312 | D:5      | Learned a level 2 spell: Blink
  5328 | D:5      | Reached skill level 4 in Poison Magic
  5328 | D:5      | Reached skill level 1 in Evocations
  5406 | D:5      | Found Onotais's General Store.
  5421 | D:5      | Reached skill level 3 in Shields
  5441 | D:5      | Bought a potion of heal wounds for 55 gold pieces
  5441 | D:5      | Bought a scroll of teleportation for 33 gold pieces
  5572 | D:6      | Found a hazy altar of Hepliaklqana.
  5573 | D:6      | Found a stormy altar of Qazlal.
  5609 | D:6      | Found a bloodstained altar of Trog.
  5655 | D:6      | Found Ommeleidgh's Fire Supplies.
  5698 | D:6      | Reached skill level 1 in Translocations
  5738 | D:6      | Reached XP level 9. HP: 58/62 MP: 12/16
  5767 | D:6      | Found a glowing silver altar of Zin.
  5773 | D:6      | Reached skill level 5 in Spellcasting
  5782 | D:6      | Reached skill level 4 in Fire Magic
  5859 | D:6      | Reached skill level 5 in Transmutations
  5907 | D:6      | Reached skill level 3 in Fighting
  6001 | D:6      | Noticed Menkaure
  6012 | D:6      | Killed Menkaure
  6013 | D:6      | Reached skill level 3 in Throwing
  6200 | D:6      | Found a hide-covered altar of Uskayaw.
  6215 | D:6      | Reached skill level 2 in Evocations
  6305 | D:6      | Found a staircase to the Ecumenical Temple.
  6337 | Temple   | Entered the Ecumenical Temple
  6345 | Temple   | Became a worshipper of Vehumet
  6729 | D:7      | Reached skill level 5 in Poison Magic
  6882 | D:7      | Reached skill level 2 in Translocations
  6900 | D:7      | Found Xoin's Antique Armour Shoppe.
  7614 | D:7      | Found a runed translucent door.
  7615 | D:7      | Noticed Crazy Yiuf
  7649 | D:7      | Found a white marble altar of Elyvilon.
  7705 | D:7      | Killed Crazy Yiuf
  8291 | D:7      | Reached skill level 5 in Fire Magic
  8291 | D:7      | Reached XP level 10. HP: 28/62 MP: 18/18
  8622 | D:8      | Reached * piety under Vehumet
  8622 | D:8      | Offered knowledge of Magic Dart by Vehumet.
  8628 | D:8      | Reached skill level 4 in Shields
  8653 | D:8      | Reached skill level 6 in Spellcasting
  8653 | D:8      | Reached skill level 6 in Transmutations
  8834 | D:8      | Found Unasch's Gadget Gallery.
  8840 | D:8      | Bought a wand of polymorph (2) for 39 gold pieces
  9068 | D:8      | Reached skill level 6 in Poison Magic
  9383 | D:5      | Bought the +3 warlock's mirror {omnireflect} for 440 gold
                  | pieces
  9383 | D:5      | Found the +3 warlock's mirror {omnireflect}
  9473 | D:9      | Identified a scroll of acquirement
  9482 | D:9      | Acquired 898 gold pieces
  9526 | D:9      | Reached skill level 4 in Fighting
  9526 | D:9      | Reached skill level 4 in Throwing
  9526 | D:9      | Reached skill level 3 in Translocations
  9526 | D:9      | Reached skill level 3 in Evocations
  9658 | D:9      | Slain by a yak

Vanquished Creatures
  11 yaks
  A steam dragon (D:8)
  Menkaure (D:6)
  2 water moccasins
  2 orc warriors
  2 black bears
  4 ogres
  2 centaurs (D:9)
  4 kobold brigands
  Blork the orc (D:4)
  2 bullfrogs
  A gnoll sergeant (D:8)
  6 scorpions
  5 wights
  3 killer bees (D:6)
  2 jellies
  3 orc priests
  A sleepcap (D:4)
  Crazy Yiuf (D:7)
  9 hounds
  3 iguanas
  8 orc wizards
  15 gnolls
  9 adders
  3 white imps
  An ufetubus (D:4)
  2 worms (D:3)
  2 dart slugs
  28 orcs
  4 ball pythons
  7 bats
  5 endoplasms
  2 giant cockroaches
  7 hobgoblins
  20 kobolds
  4 quokkas
  13 frilled lizards
  9 goblins
  4 rats
209 creatures vanquished.

Vanquished Creatures (others)
  8 plants (D:2)
8 creatures vanquished.

Grand Total: 217 creatures vanquished

Table legend: (Time is in decaauts)
 A = Elapsed time spent in this place.
 B = Non-inter-level travel time spent in this place.
 C = Inter-level travel time spent in this place.
 D = Time resting spent in this place.
 E = Time spent auto-exploring this place.
 F = Levels seen in this place.
 G = Mean time per level.
                   A        B        C        D        E       F      G
               +--------+--------+--------+--------+--------+-----+--------+
         Total |   9754 |   9207 |    547 |   1244 |   6008 |  10 |  975.4 |
       Dungeon |   9737 |   9197 |    540 |   1244 |   6008 |   9 | 1081.9 |
        Temple |     16 |      9 |      7 |      0 |      0 |   1 |   16.0 |
               +--------+--------+--------+--------+--------+-----+--------+

Top non-repeatable levels by time:
     D:7: 1658 daAuts
     D:3: 1592 daAuts
     D:4: 1587 daAuts
     D:6: 1289 daAuts
     D:8: 1031 daAuts
     D:2: 946 daAuts
     D:5: 735 daAuts
     D:1: 711 daAuts
     D:9: 186 daAuts
  Temple: 16 daAuts

Table legend:
 A = Non-vault XP
 B = Vault XP
 C = Vault XP percentage of total XP
 D = Non-vault monster count
 E = Vault monster count
 F = Vault count percentage of total count
                 A         B        C        D         E       F
            +---------+---------+-------+---------+---------+-------
      Total |    6990 |     582 |   7.7 |     181 |      28 |  13.4
            +---------+---------+-------+---------+---------+-------
        D:1 |      25 |       0 |   0.0 |      16 |       0 |   0.0
        D:2 |      80 |       9 |  10.1 |      13 |       9 |  40.9
        D:3 |     159 |      22 |  12.2 |      27 |       6 |  18.2
        D:4 |     475 |     232 |  32.8 |      20 |       5 |  20.0
        D:5 |     779 |       0 |   0.0 |      22 |       0 |   0.0
        D:6 |     910 |     279 |  23.5 |      24 |       7 |  22.6
        D:7 |     827 |      40 |   4.6 |      10 |       1 |   9.1
        D:8 |    2046 |       0 |   0.0 |      38 |       0 |   0.0
        D:9 |    1689 |       0 |   0.0 |      11 |       0 |   0.0
            +---------+---------+-------+---------+---------+-------
